 Dungeon Crawl Stone Soup version 0.23.2-33-g5129a83184 (webtiles) character file.

Game seed: 13522342182644912810

39517 kae the Severer (level 13, -1/122 HPs)
             Began as a Minotaur Fighter on July 18, 2019.
             Was the Champion of Okawaru.
             Slain by an ice devil (4 damage)
             ... on level 6 of the Lair of Beasts.
             The game lasted 00:15:22 (16514 turns).

kae the Severer (Minotaur Fighter)                 Turns: 16514, Time: 00:15:23

Health: -1/122     AC: 18    Str: 24    XL:     13   Next: 69%
Magic:  0/18       EV: 12    Int:  6    God:    Okawaru [******]
Gold:   709        SH:  0    Dex: 11    Spells: 12/12 levels left

rFire    . . .     SeeInvis .   J - +0 executioner's axe (flame)
rCold    + . .     Gourm    .   (shield currently unavailable)
rNeg     . . .     Faith    .   b - +0 scale mail
rPois    .         Spirit   +   (helmet restricted)
rElec    .         Reflect  .   O - scarf {Spirit}
rCorr    .         Harm     .   j - +2 pair of gloves
MR       .....                  t - +0 pair of boots
Stlth    +.........             N - amulet of regeneration
HPRegen  0.70/turn              u - ring of protection from cold
MPRegen  0.16/turn              (no ring)

@: heroism
A: retaliatory headbutt, horns 2, icy blue scales 1
a: Heroism, Finesse, Renounce Religion


You were on level 6 of the Lair of Beasts.
You worshipped Okawaru.
Okawaru was exalted by your worship.
You were hungry.

You visited 3 branches of the dungeon, and saw 17 of its levels.
You also visited: Sewer.

You collected 888 gold pieces.
You spent 179 gold pieces at shops.

Inventory:

Hand Weapons
 a - a +3 war axe of freezing
 w - the +3 war axe of the Hummingbird {distort, Str+4 Dex+5}
   (You bought it in a shop on level 7 of the Dungeon)

   It warps and distorts space around it.
   Unwielding it can cause banishment or high damage.
   It affects your strength (+4).
   It affects your dexterity (+5).
 J - a +0 executioner's axe of flaming (weapon)
 L - the +3 battleaxe of Ujeqoq {freeze, *Rage rC+ rN++ Int+3}
   (Okawaru gifted it to you on level 5 of the Lair of Beasts)

   It has been specially enchanted to freeze those struck by it, causing extra
   injury to most foes and up to half again as much damage against particularly
   susceptible opponents.
   It can also slow down cold-blooded creatures.
   It affects your intelligence (+3).
   It protects you from cold.
   It greatly protects you from negative energy.
   It may make you go berserk in combat.
Armour
 b - a +0 scale mail (worn)
 c - a +0 shield
 g - a +0 cloak
 j - a +2 pair of gloves (worn)
 t - a +0 pair of boots (worn)
 E - the +5 shield of Gravitas {rF+++}
   (Okawaru gifted it to you on level 2 of the Lair of Beasts)

   It renders you almost immune to fire.
 O - a scarf of spirit shield (worn)
Jewellery
 u - a ring of protection from cold (left hand)
 N - an amulet of regeneration (around neck)
Wands
 d - a wand of random effects (16)
 i - a wand of flame (32)
 n - a wand of iceblast (3)
 q - a wand of enslavement (10)
 x - a wand of digging (7)
 A - a wand of polymorph (7)
 M - a wand of acid (9)
Scrolls
 e - 6 scrolls of identify
 k - 12 scrolls of teleportation
 m - 2 scrolls of magic mapping
 p - 6 scrolls of fear
 v - a scroll of fog
 y - 2 scrolls of blinking
 B - a scroll of amnesia
 G - 3 scrolls of enchant weapon
Potions
 h - 6 potions of brilliance
 l - 8 potions of lignification
 o - 3 potions of heal wounds
 r - 2 potions of mutation
 s - 5 potions of flight
 z - a potion of haste
 C - a potion of cancellation
 D - a potion of resistance
 F - a potion of invisibility
 H - a potion of might
 I - a potion of agility
 K - a potion of curing
Comestibles
 f - 27 rations
 P - 2 chunks of flesh


   Skills:
 + Level 13.3(18.3) Fighting
 * Level 17.6(22.6) Axes
 + Level 13.3(18.3) Armour
 - Level 3.6(8.6) Shields
 + Level 9.2 Invocations


You had 12 spell levels left.
You didn't know any spells.
Your spell library contained the following spells:

 Spells                   Type           Power        Failure   Level  Hunger
 Animate Skeleton         Necr           N/A          65%         1    ##.....
 Apportation              Tloc           #.....       65%         1    ##.....
 Confusing Touch          Hex            #.....       65%         1    ##.....
 Corona                   Hex            #......      65%         1    ##.....
 Magic Dart               Conj           #...         65%         1    ##.....
 Summon Small Mammal      Summ           #...         65%         1    ##.....
 Blink                    Tloc           N/A          78%         2    ###....
 Call Imp                 Summ           #.......     78%         2    ###....
 Ensorcelled Hibernation  Hex/Ice        #.....       78%         2    ###....
 Shroud of Golubria       Chrm/Tloc      #.........   78%         2    ###....
 Slow                     Hex            #.......     78%         2    ###....
 Confuse                  Hex            #.......     95%         3    ####...
 Conjure Flame            Conj/Fire      #.......     95%         3    ####...
 Dazzling Spray           Conj/Hex       #.....       95%         3    ####...
 Gell's Gravitas          Tloc           #.........   95%         3    ####...
 Inner Flame              Hex/Fire       #.......     95%         3    ####...
 Lesser Beckoning         Tloc           #.........   95%         3    ####...
 Mephitic Cloud           Conj/Pois/Air  #.......     95%         3    ####...
 Portal Projectile        Hex/Tloc       #.....       95%         3    ####...
 Teleport Other           Tloc           #.......     95%         3    ####...
 Tukima's Dance           Hex            #.......     95%         3    ####...
 Cause Fear               Hex            #.........   100%        4    #####..
 Leda's Liquefaction      Hex/Erth       #.........   100%        4    #####..
 Passage of Golubria      Tloc           N/A          100%        4    #####..
 Irradiate                Conj/Tmut      #.........   100%        5    ######.
 Hydra Form               Tmut           #.........   100%        6    #######
 Statue Form              Tmut/Erth      #........    100%        6    #######
 Dragon Form              Tmut           #.........   100%        7    #######


Dungeon Overview and Level Annotations

Branches:
Dungeon (10/15)            Temple (1/1) D:7            Lair (6/6) D:8
 Shoals (0/4) Lair:4        Snake (0/4) Lair:2        Slime (0/5) Lair:5
    Orc: D:9-12

Altars:
Ashenzari
Cheibriados
Dithmenos
Elyvilon
Fedhas
Gozag
Hepliaklqana
Kikubaaqudgha
Makhleb
Nemelex Xobeh
Okawaru
Qazlal
Ru
Sif Muna
Trog
Uskayaw
Vehumet
Wu Jian
Xom
Yredelemnul
Zin
The Shining One
Jiyva

Shops:
D:7 (   D:8 [[=

Annotations:
Lair:1 3 runed translucent doors, teukkam's ghost, journeyman MiFi
Lair:6 1 runed translucent door
Abyss:1 Crazy Yiuf, Harold


Innate Abilities, Weirdness & Mutations

You reflexively headbutt those who attack you in melee.
You have a pair of horns on your head.
You are partially covered in icy blue scales. (AC +2)


Message History

The sun demon misses you. The ice devil barely misses you.
You slash the sun demon!
The sun demon is severely wounded.
You barely miss the ice devil. You slice the ice devil!!
You burn the ice devil. The sun demon hits you.
You are engulfed in flames!
* * * LOW HITPOINT WARNING * * *
The ice devil hits you but does no damage.
The sun demon hits you!
* * * LOW HITPOINT WARNING * * *
You are engulfed in flames!
* * * LOW HITPOINT WARNING * * *
You closely miss the sun demon.
The sun demon is severely wounded.
You slice the ice devil!! You burn the ice devil.
You closely miss the ice devil.
The ice devil hits you but does no damage.
The ice devil hits you!
* * * LOW HITPOINT WARNING * * *
The ice devil freezes you. You resist.
You die...

♣♣......÷♣♣♣ ♣....♣
♣♣.♣♣.♣♣♣ ######''#####
♣♣♣♣♣+#########.............
........#...8....8....
..8.8...'.............
...#.8..############## ♣
..#.8...#....... ♣
...8.#..#4.4.... ♣
..8.#..)@4.4._.. ♣
...8.8..#3......
........#.....≈≈
############§≈≈≈ ≈§§ ##


You could see a sun demon and 4 ice devils.

Vanquished Creatures
  A dire elephant (Lair:6)
  6 hydras
  Urug (Lair:2)
  A wizard (Lair:6)
  Pikel (D:6)
  A manticore (Lair:4)
  18 elephants
  A centaur zombie (D:10)
  7 black mambas
  11 spiny frogs
  An orange demon (Lair:6)
  3 rime drakes
  5 komodo dragons
  A merfolk (D:10)
  A polar bear (Lair:6)
  Grinder (D:4)
  A hornet (D:8)
  5 blink frogs
  Prince Ribbit (D:9)
  4 hippogriffs
  Sigmund (D:3)
  A wraith (D:10)
  2 wyverns
  Eustachio (D:5)
  29 yaks
  A hungry ghost (D:10)
  3 basilisks
  3 nagas (Lair:2)
  Edmund (D:5)
  An acid dragon (D:8)
  5 hell hounds (Lair:6)
  13 water moccasins
  7 porcupines
  2 orc warriors
  A phantom (D:3)
  2 ice beasts
  2 sky beasts
  2 slaves (D:6)
  2 black bears (D:7)
  An eye of draining (D:10)
  A necrophage (D:6)
  2 ogres
  12 wolves
  6 centaurs
  13 crocodiles
  A big kobold (Sewer)
  12 bullfrogs
  5 scorpions
  6 killer bees (D:7)
  3 crimson imps
  A bullfrog zombie (D:5)
  6 orc priests
  6 hounds
  5 orc wizards
  3 jellies
  2 centaur skeletons
  2 iguanas
  4 hell rats (Lair:3)
  8 worker ants
  A hound zombie (D:7)
  A hound skeleton (D:10)
  4 worker ant zombies
  A howler monkey skeleton (D:5)
  14 adders
  4 gnolls (D:6)
  2 river rats (Sewer)
  3 shadow imps
  5 adder skeletons
  2 adder zombies (D:5)
  4 worms
  7 leopard geckos
  30 orcs
  10 bats
  6 giant cockroaches
  11 goblins
  7 hobgoblins
  14 jackals
  7 kobolds
  5 quokkas
  3 ball pythons
  4 frilled lizards
  A giant cockroach zombie (D:5)
  2 jackal zombies (D:5)
  A leopard gecko skeleton (D:5)
  2 quokka zombies (D:5)
  8 rats
  4 fungi
  10 plants
422 creatures vanquished.

Vanquished Creatures (others)
  A centaur zombie (D:8)
  A water moccasin (D:9)
  An orc warrior (D:8)
  7 fungi
  2 plants
12 creatures vanquished.

Grand Total: 434 creatures vanquished

Notes
Turn   | Place    | Note
-------+----------+-------------------------------------------
     0 | D:1      | kae the Minotaur Fighter began the quest for the Orb.
     0 | D:1      | Reached XP level 1. HP: 19/19 MP: 0/0
   111 | D:1      | Reached skill level 3 in Axes
   111 | D:1      | Reached XP level 2. HP: 27/27 MP: 1/1
   606 | D:2      | Reached XP level 3. HP: 29/33 MP: 2/2
   729 | D:2      | Found a glowing golden altar of the Shining One.
   848 | D:2      | Reached skill level 4 in Axes
  1039 | D:3      | Noticed a +0 dagger
  1040 | D:3      | Found a hide-covered altar of Uskayaw.
  1040 | D:3      | Noticed a +0 hand axe
  1091 | D:3      | Found a faded altar of an unknown god.
  1132 | D:3      | Reached XP level 4. HP: 40/40 MP: 3/3
  1156 | D:3      | Noticed Sigmund
  1163 | D:3      | Killed Sigmund
  1163 | D:3      | Reached skill level 5 in Axes
  1163 | D:3      | Reached skill level 5 in Armour
  1163 | D:3      | Reached XP level 5. HP: 37/47 MP: 4/4
  1182 | D:3      | Reached skill level 5 in Fighting
  1355 | D:3      | Noticed a phantom
  1368 | D:3      | Killed a phantom
  1368 | D:3      | Reached skill level 6 in Axes
  1368 | D:3      | Reached XP level 6. HP: 49/56 MP: 5/5
  1461 | D:3      | Found a glowing drain.
  1477 | Sewer    | Entered a sewer
  1619 | Sewer    | Found a white marble altar of Elyvilon.
  1986 | D:4      | Reached XP level 7. HP: 58/62 MP: 6/6
  2339 | D:4      | Noticed Grinder
  2343 | D:4      | Paralysed by Grinder for 4 turns
  2354 | D:4      | Killed Grinder
  2354 | D:4      | Reached skill level 7 in Axes
  2552 | D:5      | Entered Level 5 of the Dungeon
  2684 | D:5      | Reached skill level 8 in Axes
  2842 | D:5      | Found a bloodstained altar of Trog.
  2847 | D:5      | Reached XP level 8. HP: 71/71 MP: 7/7
  2869 | D:5      | Noticed Eustachio
  2900 | D:5      | Killed Eustachio
  2921 | D:5      | Noticed Edmund
  2929 | D:5      | Killed Edmund
  2929 | D:5      | Reached skill level 9 in Axes
  3225 | D:6      | Noticed Pikel
  3241 | D:6      | Killed Pikel
  3241 | D:6      | Reached skill level 10 in Axes
  3504 | D:6      | Reached XP level 9. HP: 71/81 MP: 8/8
  3983 | D:7      | Found a staircase to the Ecumenical Temple.
  3987 | D:7      | Reached skill level 11 in Axes
  4000 | Temple   | Entered the Ecumenical Temple
  4211 | Temple   | Became a worshipper of Warmaster Okawaru
  4327 | D:7      | Found a bloodstained altar of Trog.
  4383 | D:7      | Reached skill level 1 in Invocations
  4606 | D:7      | Found a runed translucent door.
  4607 | D:7      | Noticed Crazy Yiuf
  4737 | D:7      | Reached * piety under Okawaru
  4869 | D:7      | Found Xeazit's Antique Weapon Shoppe.
  4877 | D:7      | Bought a twisted war axe for 153 gold pieces
  4877 | D:7      | Identified the cursed +3 war axe of the Hummingbird
                  | {distort, Str+4 Dex+5} (You bought it in a shop on level 7
                  | of the Dungeon)
  5117 | D:7      | Banished Crazy Yiuf
  5219 | D:8      | Found Keyhish's Armour Shop.
  5311 | D:8      | Paralysed by a hornet for 3 turns
  5314 | D:8      | Reached XP level 10. HP: 40/91 MP: 10/10
  5501 | D:8      | Found Keppuceyj's Antique Armour Shop.
  5508 | D:8      | Reached skill level 12 in Axes
  5550 | D:8      | Found Qicemn's Jewellery Shoppe.
  5561 | D:8      | Reached ** piety under Okawaru
  5588 | D:8      | Bought a cursed -3 ring of intelligence for 26 gold pieces
  5613 | D:8      | Noticed Harold
  5646 | D:8      | Banished Harold
  5888 | D:8      | Found a burning altar of Makhleb.
  6261 | D:8      | Found a staircase to the Lair.
  6664 | D:9      | Found a shattered altar of Ashenzari.
  6747 | D:9      | Noticed Prince Ribbit
  6756 | D:9      | Killed Prince Ribbit
  6919 | D:9      | Found a sparkling altar of Nemelex Xobeh.
  6921 | D:9      | Found a stormy altar of Qazlal.
  6926 | D:9      | Found a bloodstained altar of Trog.
  6967 | D:9      | Reached skill level 10 in Fighting
  7277 | D:9      | Gained mutation: You are partially covered in icy blue
                  | scales. (AC +2) [mutagenic glow]
  7422 | D:10     | Entered Level 10 of the Dungeon
  7481 | D:10     | Reached skill level 13 in Axes
  7481 | D:10     | Reached skill level 10 in Armour
  7637 | D:10     | Reached *** piety under Okawaru
  7679 | D:10     | Reached XP level 11. HP: 64/101 MP: 13/13
  7911 | D:10     | Reached **** piety under Okawaru
  8034 | D:10     | Reached skill level 5 in Invocations
  8380 | Lair:1   | Entered Level 1 of the Lair of Beasts
  8746 | Lair:1   | Found a runed translucent gate.
  8749 | Lair:1   | Found a runed translucent gate.
  8751 | Lair:1   | Found a runed translucent gate.
  8814 | Lair:1   | Reached skill level 14 in Axes
  9447 | Lair:1   | Noticed a death ooze
  9664 | Lair:1   | Noticed teukkam's ghost (journeyman MiFi)
  9666 | Lair:1   | Found a viscous altar of Jiyva.
  9695 | Lair:2   | Noticed Urug
  9714 | Lair:2   | Killed Urug
  9714 | Lair:2   | Reached ***** piety under Okawaru
 10633 | Lair:2   | You fall through a shaft!
 10715 | Lair:3   | Received a gift from Okawaru
 10863 | Lair:2   | Found a staircase to the Snake Pit.
 11017 | Lair:2   | Reached skill level 15 in Axes
 11017 | Lair:2   | Reached XP level 12. HP: 66/110 MP: 13/15
 11339 | Lair:2   | Received a gift from Okawaru
 11340 | Lair:2   | Got a steaming shield {god gift}
 11351 | Lair:2   | Identified the +5 shield of Gravitas {rF+++} (Okawaru
                  | gifted it to you on level 2 of the Lair of Beasts)
 13496 | Lair:4   | Noticed an eight-headed hydra
 13505 | Lair:4   | Identified a scroll of acquirement
 13527 | Lair:4   | Reached skill level 16 in Axes
 13540 | Lair:4   | Killed a ten-headed hydra
 14004 | Lair:4   | Found a staircase to the Shoals.
 14434 | Lair:5   | Received a gift from Okawaru
 14435 | Lair:5   | Got a polished battleaxe {god gift}
 14447 | Lair:5   | Identified the +3 battleaxe of Ujeqoq {freeze, *Rage rC+
                  | rN++ Int+3} (Okawaru gifted it to you on level 5 of the
                  | Lair of Beasts)
 14657 | Lair:5   | Noticed a six-headed hydra
 14661 | Lair:5   | Killed a four-headed hydra
 14661 | Lair:5   | Reached XP level 13. HP: 119/119 MP: 18/18
 15194 | Lair:5   | Found a staircase to the Slime Pits.
 15334 | Lair:6   | Entered Level 6 of the Lair of Beasts
 15516 | Lair:6   | Found a runed translucent door.
 15684 | Lair:6   | Reached ****** piety under Okawaru
 15695 | Lair:6   | Received a gift from Okawaru
 15792 | Lair:6   | Reached skill level 17 in Axes
 16210 | Lair:6   | Noticed a dire elephant
 16224 | Lair:6   | Killed a dire elephant
 16271 | Lair:6   | Received a gift from Okawaru
 16502 | Lair:6   | Found a burning altar of Makhleb.
 16514 | Lair:6   | HP: 3/122 [ice devil (10)]
 16514 | Lair:6   | Slain by an ice devil

Skill      XL: |  1  2  3  4  5  6  7  8  9 10 11 12 13 |
---------------+----------------------------------------+-----
Axes           | 3 4 5 6 8 10 11 13 15 16 17 | 17.6
Armour         | 4 5 6 7 9 10 11 12 13 | 13.3
Fighting       | 4 5 6 8 9 10 11 12 13 | 13.3
Invocations    | 2 4 6 8 9 |  9.2
Shields        | |  3.6

Action                   |  1- 3 |  4- 6 |  7- 9 | 10-12 | 13-15 || total
-------------------------+-------+-------+-------+-------+-------++-------
Melee: War axe           |    97 |   101 |   312 |   491 |       ||  1001
       Headbutt          |    16 |    15 |    54 |   128 |    41 ||   254
       Executioner's axe |       |       |       |    48 |   163 ||   211
Invok: Heroism           |       |       |       |     6 |     5 ||    11
       Finesse           |       |       |       |       |     1 ||     1
Evoke: Wand              |       |       |     4 |       |       ||     4
  Use: Scroll            |       |     9 |    10 |    15 |     3 ||    37
       Potion            |       |       |     3 |     6 |       ||     9
  Eat: Chunk             |       |     4 |    10 |    26 |     2 ||    42
       Ration            |       |       |       |     2 |     1 ||     3
Armor: Scale mail        |    47 |    46 |   136 |   200 |   111 ||   540
Dodge: Dodged            |    29 |    36 |    76 |   134 |   107 ||   382
Block: Shield            |    43 |    57 |   136 |   215 |       ||   451
